 Dungeon Crawl Stone Soup version 0.27-a0-1200-g94dc6ad4cf (webtiles) character file.

Game seed: 15130907897741723501

0 Gargoyl the Skirmisher (level 1, -9/23 HPs)
             Began as a Gnoll Abyssal Knight on May 30, 2021.
             Was a Follower of Lugonu.
             Mangled by a vault sentinel
             ... wielding a +0 falchion
             ... summoned by a worldbinder
              (16 damage)
             ... on level 1 of the Abyss.
             The game lasted 00:00:24 (118 turns).

Gargoyl the Skirmisher (Gnoll Abyssal Knight)        Turns: 118, Time: 00:00:25

Health: -9/23      AC:  3    Str: 11    XL:     1   Next: 0%
Magic:  3/3        EV: 11    Int: 11    God:    Lugonu [*.....]
Gold:   2          SH:  0    Dex: 11    Spells: 0/0 levels left

rFire    . . .     SeeInvis .   a - +1 hand axe
rCold    . . .     Faith    .   (no shield)
rNeg     . . .     Spirit   .   b - +0 leather armour
rPois    .         Reflect  .   (no helmet)
rElec    .         Harm     .   (no cloak)
rCorr    .         Rampage  .   (no gloves)
Will     .....                  (no boots)
Stlth    +.........             (no amulet)
HPRegen  0.07/turn              (no ring)
MPRegen  0.08/turn              (no ring)

@: no status effects
A: fangs 1, strong nose, distributed training
a: Renounce Religion, Depart the Abyss


You were on level 1 of the Abyss.
You worshipped Lugonu.
Lugonu was aware of your devotion.
You visited 0 branches of the dungeon, and saw 0 of its levels.
You visited the Abyss 1 time.

You collected 2 gold pieces.

Inventory:

Hand Weapons
 a - a +1 hand axe (weapon)
Armour
 b - a +0 leather armour (worn)


   Skills:
 + Level 6.4 Fighting
 + Level 0.0 Short Blades
 + Level 0.0 Long Blades
 + Level 4.4 Axes
 + Level 0.0 Maces & Flails
 + Level 0.0 Polearms
 + Level 0.0 Staves
 + Level 0.0 Slings
 + Level 0.0 Bows
 + Level 0.0 Crossbows
 + Level 0.0 Throwing
 + Level 4.4 Armour
 + Level 2.3 Dodging
 + Level 0.0 Stealth
 + Level 0.0 Shields
 + Level 0.0 Unarmed Combat
 + Level 0.0 Spellcasting
 + Level 0.0 Conjurations
 + Level 0.0 Hexes
 + Level 0.0 Summonings
 + Level 0.0 Necromancy
 + Level 0.0 Translocations
 + Level 0.0 Transmutations
 + Level 0.0 Fire Magic
 + Level 0.0 Ice Magic
 + Level 0.0 Air Magic
 + Level 0.0 Earth Magic
 + Level 0.0 Poison Magic
 + Level 4.4 Invocations
 + Level 0.0 Evocations


You couldn't memorise any spells.
You didn't know any spells.
Your spell library was empty.

Dungeon Overview and Level Annotations

Branches:
Dungeon (0/15)

Altars:


Innate Abilities, Weirdness & Mutations

You have very sharp teeth.
Your uncanny sense of smell can sniff out nearby items.
Your experience applies equally to all skills.


Message History

It is a scroll of identify.
You don't have any unidentified items.
A tentacle flies out from the starspawn's body!
A starspawn tentacle comes into view.
A tentacle flies out from the starspawn's body!
A starspawn tentacle comes into view.
A tentacled starspawn is nearby!
A tentacled starspawn is nearby!
A worldbinder comes into view.
The worldbinder moves out of view.
A worldbinder is nearby!
The worldbinder calls forth creatures from the Vaults!
The raiju barks!
The ironbound preserver mumbles some strange words.
The ironbound preserver begins to accept its allies' injuries.
The worldbinder calls forth creatures from the Vaults!
You hit the vault sentinel but do no damage.
Your bite misses the vault sentinel.
You hit the yaktaur but do no damage. x2
The yaktaur barely misses you.
The vault sentinel points at you and mumbles some strange words.
You barely resist. The yaktaur barely misses you.
You barely miss the vault sentinel. You hit the yaktaur.
You hit the worldbinder. You hit the yaktaur but do no damage.
The worldbinder hits you but does no damage.
The worldbinder barely misses you. The worldbinder closely misses you.
The worldbinder hits you.
The vault sentinel blows a loud note on a signal horn!
The yaktaur closely misses you. The yaktaur hits you.
You hear a bellow!
You hear a roar!
You hear a chilling moan.
A tentacle flies out from the starspawn's body!
The yaktaur hits you!
The vault sentinel hits you with a +0 falchion.
A starspawn tentacle comes into view.
Unknown command.
Unknown command.
The worldbinder barely misses you.
The worldbinder hits you but does no damage.
The vault sentinel hits you with a +0 falchion!
Ouch! That really hurt!
You die...

......#§.# .##
.###.#.#.# ##
#. .Λ.#.#p.#
#.#/#X..c#.#
#.<##.###>.#
#..w#..cw#.#
#....#h.##..
#...##..xpc##.#
.. #.##@..# .
##..##......
#.#. .##### ..
## # #.# .


You could see a tentacled starspawn, a vault sentinel (summoned), 2 yaktaurs, a
worldbinder, a raiju and 2 starspawn tentacles.

Vanquished Creatures (others)
  5 starspawn tentacles (Abyss:1)
5 creatures vanquished.

Notes
Turn   | Place    | Note
-------+----------+-------------------------------------------
     0 | Abyss:1  | Gargoyl the Gnoll Abyssal Knight began the quest for the
                  | Orb.
     0 | Abyss:1  | Reached XP level 1. HP: 23/23 MP: 3/3
    67 | Abyss:1  | Noticed a tentacled starspawn
   109 | Abyss:1  | Noticed a worldbinder
   112 | Abyss:1  | Noticed a yaktaur
   112 | Abyss:1  | Noticed an ironbound preserver
   112 | Abyss:1  | Noticed a raiju
   115 | Abyss:1  | Noticed a yaktaur
   115 | Abyss:1  | Noticed a vault sentinel
   115 | Abyss:1  | Noticed a yaktaur
   118 | Abyss:1  | Mangled by a vault sentinel

Illustrated notes

Levels and vault maps discovered:
Abyss:1:  base: Temple, minivault_1, base:
Temple

Action                   || total
-------------------------++-------
Melee: Hand axe          ||     2
  Use: Scroll            ||     1
Armor: Leather armour    ||     2
Dodge: Dodged            ||     6

Table legend: (Time is in decaauts)
 A = Elapsed time spent in this place.
 B = Non-inter-level travel time spent in this place.
 C = Inter-level travel time spent in this place.
 D = Time resting spent in this place.
 E = Time spent auto-exploring this place.
 F = Levels seen in this place.
 G = Mean time per level.
                   A        B        C        D        E       F      G
               +--------+--------+--------+--------+--------+-----+--------+
         Total |    118 |    118 |      0 |      0 |     71 |   1 |  118.0 |
         Abyss |    118 |    118 |      0 |      0 |     71 |   1 |  118.0 |
               +--------+--------+--------+--------+--------+-----+--------+

Top non-repeatable levels by time:
 Abyss:1: 118 daAuts
